 Dungeon Crawl Stone Soup version 0.30-a0-40-gc6d0f036a7 (webtiles) character file.

Game seed: 5323491801179169255

163 ytrimaz the Insei (level 5, -1/49 HPs)
             Began as an Octopode Transmuter on Aug 29, 2022.
             Slain by a gnoll
             ... wielding a +0 halberd
              (9 damage)
             ... on level 3 of the Dungeon.
             The game lasted 00:01:42 (1731 turns).

ytrimaz the Insei (Octopode Transmuter)             Turns: 1731, Time: 00:01:42

Health: -1/49      AC: 22    Str:  6 (9)  XL:     5   Next: 44%
Magic:  5/9        EV:  2    Int: 18 (21) God:
Gold:   84         SH:  0    Dex: 10 (11) Spells: 3/9 levels left

rFire   . . .      SeeInvis .      - Unarmed
rCold   . . .      Faith    .    (no shield)
rNeg    . . .      Spirit   .    (helmet currently unavailable)
rPois   +          Reflect  .    (no amulet)
rElec   .          Harm     .    g - ring of wizardry
rCorr   .          Rampage  .    (no ring)
Will    .....      NoTele   +    (no ring)
Stlth   +.........               (no ring)
HPRegen 0.16/turn                (no ring)
MPRegen 0.11/turn                (no ring)
                                 (no ring)
                                 (no ring)

@: brilliant, tree-form
A: stationary, stasis, torment immunity, boosted hp, almost no armour,
(amphibious), 8 rings, (camouflage 1), (gelatinous body 1), (nimble swimmer 1),
(tentacles), (tentacle spike 1), (iridescent scales 1), clever 1
a: no special abilities


You were on level 3 of the Dungeon.
You were a tree.
You visited 1 branch of the dungeon, and saw 3 of its levels.

You collected 84 gold pieces.

Inventory:

Jewellery
 g - a ring of wizardry (left branch)
Scrolls
 b - a scroll of brand weapon
 h - a scroll of teleportation
Potions
 d - a potion of degeneration
 e - 2 potions of brilliance


   Skills:
 - Level 1.0 Fighting
 - Level 2.0 Dodging
 - Level 4.1 Unarmed Combat
 + Level 2.7 Spellcasting
 + Level 2.8 Transmutations
 * Level 3.3 Poison Magic


You had 3 spell levels left.
You knew the following spells:

 Your Spells              Type           Power      Damage    Failure   Level
a - Beastly Appendage     Tmut           38%        N/A       2%          1
b - Wereblood             Tmut           19%        N/A       3%          2
c - Spider Form           Tmut/Pois      20%        N/A       6%          3

Your spell library contained the following spells:

 Spells                   Type           Power      Damage    Failure   Level
 Gell's Gravitas          Tloc           3%         N/A       21%         3
 Lesser Beckoning         Tloc           3%         N/A       21%         3
 Teleport Other           Tloc           3%         N/A       21%         3
 Ice Form                 Ice/Tmut       11%        N/A       34%         4


Dungeon Overview and Level Annotations

Branches:
Dungeon (3/15)

Altars:
Cheibriados

Annotations:
D:2 1 runed translucent door, Crazy Yiuf


Innate Abilities, Weirdness & Mutations

You are a tree.
Your roots penetrate the ground, keeping you stationary.
You cannot be teleported.
You are immune to unholy pain and torment.
Your maximum health is greatly increased.
You cannot wear most types of armour.
((You are amphibious.))
You can wear up to eight rings at the same time.
((Your skin changes colour to match your surroundings (Stealth+).))
((Your rubbery body absorbs attacks. (AC +1, EV +1)))
((You are camouflaged when in or above water. (Stealth+)))
((You have tentacles for arms and can constrict up to eight enemies at once.))
((One of your tentacles bears a spike.))
((You are partially covered in iridescent scales. (AC +2)))
Your mind is acute. (Int +4, Str/Dex -1)


Message History

The gnoll hits you from afar with a +0 halberd!
* * * LOW HITPOINT WARNING * * *
The gnoll hits you with a +0 flail.
* * * LOW HITPOINT WARNING * * *
You hit the gnoll but do no damage.
The gnoll is almost dead.
The gnoll hits you from afar with a +0 halberd.
* * * LOW HITPOINT WARNING * * *
The gnoll hits you but does no damage.
Unknown command.
It was a potion of degeneration.
There was something very wrong with that liquid.
You feel weakened.
You feel dopey.
You feel clumsy.
The gnoll hits you but does no damage. x2
It was a potion of brilliance.
You feel clever all of a sudden. The gnoll hits you but does no damage.
The gnoll hits you with a +0 flail.
* * * LOW HITPOINT WARNING * * *
It was a potion of curing.
You feel better.
The gnoll hits you from afar with a +0 halberd!
* * * LOW HITPOINT WARNING * * *
The gnoll hits you but does no damage.
Unknown command.
You feel better.
The gnoll hits you but does no damage. x2
It was a potion of mutation.
You feel extremely strange.
You feel clever.
One of your lower tentacles grows a sharp spike.
Iridescent scales grow over part of your body.
The gnoll hits you from afar with a +0 halberd.
* * * LOW HITPOINT WARNING * * *
The gnoll hits you but does no damage.
You hit the gnoll.
You kill the gnoll!
The gnoll hits you from afar with a +0 halberd.
* * * LOW HITPOINT WARNING * * *
You cannot move.
Unknown command.
Unknown command.
The gnoll hits you from afar with a +0 halberd!
You die...

.........
...⌠.....#
.........#
....._..!##
........!:##
....#.....##
#.......#
...####...<...#
#.....♣).....#
#######)....##
#g....#
.......#
#.......#
#.......#
##..?..##
##...##


You could see a gnoll.

Vanquished Creatures
  A black bear (D:3)
  An adder (D:2)
  2 gnolls (D:3)
  A worm (D:2)
  2 dart slugs
  2 ball pythons (D:1)
  6 endoplasms
  3 giant cockroaches (D:1)
  A goblin (D:1)
  4 hobgoblins
  2 jackals (D:1)
  A bat (D:1)
  2 frilled lizards
  6 rats (D:1)
34 creatures vanquished.

Notes
Turn   | Place    | Note
-------+----------+-------------------------------------------
     0 | D:1      | ytrimaz the Octopode Transmuter began the quest for the
                  | Orb.
     0 | D:1      | Reached XP level 1. HP: 13/13 MP: 3/3
     1 | D:1      | Found a runed translucent door.
   390 | D:1      | Reached XP level 2. HP: 18/18 MP: 5/5
   712 | D:1      | Learned a level 2 spell: Wereblood
   729 | D:1      | Reached skill level 4 in Unarmed Combat
   733 | D:1      | Reached XP level 3. HP: 23/23 MP: 3/6
   742 | D:1      | Learned a level 3 spell: Spider Form
   885 | D:2      | Reached skill level 1 in Poison Magic
  1276 | D:2      | Found a runed translucent door.
  1277 | D:2      | Noticed Crazy Yiuf
  1706 | D:3      | Noticed a black bear
  1706 | D:3      | Found a snail-covered altar of Cheibriados.
  1717 | D:3      | Killed a black bear
  1718 | D:3      | Reached XP level 4. HP: 23/28 MP: 3/7
  1718 | D:3      | Reached XP level 5. HP: 27/33 MP: 3/8
  1729 | D:3      | Gained mutation: Your mind is acute. (Int +4, Str/Dex -1)
                  | [potion of mutation]
  1729 | D:3      | Gained mutation: One of your tentacles bears a spike.
                  | [potion of mutation]
  1729 | D:3      | Gained mutation: You are partially covered in iridescent
                  | scales. (AC +2) [potion of mutation]
  1731 | D:3      | Slain by a gnoll

Illustrated notes

Levels and vault maps discovered:
D:1:      dpeg_arrival_caged_fury, layout_loops_ring
D:2:      layout_loops_ring, uniq_crazy_yiuf_cottage
D:3:      layout_rooms, nicolae_vehumet_radiance, grunt_temple_overflow_open,
          mainiacjoe_overflow_boulevard

Skill      XL: |  1  2  3 |
---------------+----------+-----
Unarmed Combat | 4 |  4.1
Poison Magic   | 3 |  3.3
Fighting       | |  1.0
Dodging        | |  2.0
Spellcasting   | |  2.7
Transmutations | |  2.8

Action                   |  1- 3 |  4- 6 || total
-------------------------+-------+-------++-------
Melee: Unarmed           |    56 |     8 ||    64
       Constrict         |    14 |       ||    14
       Tentacles         |     9 |       ||     9
       Kick              |     5 |       ||     5
       Punch             |     1 |       ||     1
 Cast: Beastly Appendage |     9 |       ||     9
       Wereblood         |     1 |       ||     1
       Spider Form       |     1 |       ||     1
  Use: Scroll            |     3 |       ||     3
       Potion            |     1 |     5 ||     6
 Stab: Sleeping          |     6 |       ||     6
Armor: Skin              |     5 |    16 ||    21
Dodge: Dodged            |    33 |     1 ||    34

Table legend: (Time is in decaauts)
 A = Elapsed time spent in this place.
 B = Non-inter-level travel time spent in this place.
 C = Inter-level travel time spent in this place.
 D = Time resting spent in this place.
 E = Time spent auto-exploring this place.
 F = Levels seen in this place.
 G = Mean time per level.
                   A        B        C        D        E       F      G
               +--------+--------+--------+--------+--------+-----+--------+
         Total |   1726 |   1645 |     81 |      0 |   1406 |   3 |  575.3 |
       Dungeon |   1726 |   1645 |     81 |      0 |   1406 |   3 |  575.3 |
               +--------+--------+--------+--------+--------+-----+--------+

Top non-repeatable levels by time:
     D:2: 954 daAuts
     D:1: 746 daAuts
     D:3: 25 daAuts
